 Seeded DCSS version 0.30-a0-439-g9e77e4d916 (webtiles) character file.

Game seed: 2672040522805985899 (custom seed)

8914 innerfire433 the Fighter (level 11, -4/93 HPs)
             Began as a Demonspawn Monk on Dec 11, 2022.
             Was an Elder of Cheibriados.
             Shot with an arrow by a deep elf archer (20 damage)
             ... on level 10 of the Dungeon.
             The game lasted 00:16:13 (8359 turns).

innerfire433 the Fighter (Demonspawn Monk)          Turns: 8359, Time: 00:16:14

Health: -4/93      AC: 14    Str: 25    XL:     11   Next: 16%
Magic:  11/11      EV: 20    Int: 23    God:    Cheibriados [****..]
Gold:   566        SH: 13    Dex: 33    Spells: 10/10 levels left

rFire   . . .      SeeInvis +    a - +10 dagger "Buwuc" {venom, rC+}
rCold   + . .      Faith    .    j - +0 kite shield
rNeg    . . .      Spirit   .    G - +5 ring mail
rPois   .          Reflect  .    p - +0 helmet of Beogh's Regard {Rampage rElec Int+2 Dex+6}
rElec   +          Harm     .    (no cloak)
rCorr   +          Rampage  +    I - +0 pair of gloves
Will    .....                    (no boots)
Stlth   +++.......               (no amulet)
HPRegen 0.35/turn                g - ring of see invisible
MPRegen 0.12/turn                i - ring of resist corrosion

@: studying Fighting, very slow
A: sturdy frame 2, demonic magic 1, demonic touch 2
a: Renounce Religion, Bend Time, Temporal Distortion, Slouch


You were on level 10 of the Dungeon.
You worshipped Cheibriados.
Cheibriados was greatly pleased with you.
You visited 2 branches of the dungeon, and saw 11 of its levels.

You collected 566 gold pieces.

Inventory:

Hand Weapons
 a - the +10 dagger "Buwuc" (weapon) {venom, rC+}
   (You found it on level 2 of the Dungeon)

   It poisons the flesh of those it strikes.
   rC:        It protects you from cold.
 b - the +8 sling of Strategic Superiority {freeze, rElec}
   (You found it on level 7 of the Dungeon)

   Any ammunition fired from it freezes those it strikes, dealing additional
   cold damage.
   It can also slow down cold-blooded creatures.
   rElec:     It insulates you from electricity.
 k - a +0 short sword
Missiles
 C - a silver boomerang (quivered)
Armour
 j - a +0 kite shield (worn)
 l - a +1 ring mail of positive energy
 n - a scarf of harm
 p - the +0 helmet of Beogh's Regard (worn) {Rampage rElec Int+2 Dex+6}
   (You found it on level 2 of the Dungeon)

   Int:       It affects your intelligence (+2).
   Dex:       It affects your dexterity (+6).
   rElec:     It insulates you from electricity.
   Rampage:   It bestows one free step when moving towards enemies.
   Cheibriados disapproves of the use of such an item.
 F - a +0 robe
 G - a +5 ring mail (worn)
 I - a +0 pair of gloves (worn)
Jewellery
 g - a ring of see invisible (left hand)
 i - a ring of resist corrosion (right hand)
Wands
 t - a wand of light (9)
 v - a wand of polymorph (12)
Scrolls
 e - 9 scrolls of identify {unknown}
 h - 5 scrolls of teleportation {unknown}
 m - 4 scrolls of silence {unknown}
 o - 2 scrolls of immolation {unknown}
 q - 2 scrolls of brand weapon {unknown}
 r - a scroll of torment {unknown}
 x - 3 scrolls of fog {unknown}
 y - 4 scrolls of enchant weapon {unknown}
 A - a scroll of poison {unknown}
 E - a scroll of summoning {unknown}
 H - a scroll of acquirement {unknown}
 M - a scroll of blinking {unknown}
Potions
 c - a potion of ambrosia
 d - 4 potions of flight {unknown}
 f - 5 potions of heal wounds
 s - 3 potions of curing {unknown}
 u - 3 potions of mutation {unknown}
 w - a potion of cancellation {unknown}
 z - a potion of degeneration {unknown}
 B - 2 potions of brilliance {unknown}
 D - a potion of haste {unknown}
 J - 2 potions of lignification {unknown}
 K - a potion of might
 L - a potion of invisibility {unknown}


   Skills:
 + Level 11.2 Fighting
 + Level 8.0 Short Blades
 + Level 4.2 Ranged Weapons
 + Level 7.3 Armour
 + Level 8.0 Dodging
 - Level 1.7 Stealth
 + Level 3.1 Shields


You had 10 spell levels left.
You didn't know any spells.
Your spell library contained the following spells:

 Spells                   Type           Power      Damage    Failure   Level
 Gell's Gravitas          Tloc           0%         N/A       83%         3
 Ignite Poison            Fire/Tmut/Pois 0%         N/A       83%         3
 Lesser Beckoning         Tloc           0%         N/A       83%         3
 Teleport Other           Tloc           0%         N/A       83%         3
 Sticky Flame             Conj/Fire      0%         2d3       99%         4
 Ignition                 Fire           0%         3d3       100%        8


Dungeon Overview and Level Annotations

Branches:
Dungeon (10/15)            Temple (1/1) D:4
   Lair: D:8-11         Orc: D:9-12

Altars:
Ashenzari
Cheibriados
Dithmenos
Fedhas
Hepliaklqana
Kikubaaqudgha
Makhleb
Nemelex Xobeh
Qazlal
Ru
Sif Muna
Trog
Uskayaw
Vehumet
Wu Jian
Xom
Yredelemnul

Shops:
D:7 *

Annotations:
D:5 2 transporters, innerfire433's ghost, novice DsMo


Innate Abilities, Weirdness & Mutations

Your movements are less encumbered by armour. (ER -4)
Spells you cast may paralyse adjacent enemies.
Your touch may inflict irresistible damage on your foes.


Message History

The shadow completely misses you.
You see here a troll corpse.
You puncture the shadow!
The shadow is moderately damaged.
The shadow barely misses you.
You hit the shadow.
The shadow is severely damaged.
The shadow misses you.
You hit the shadow.
The shadow is almost destroyed.
You closely miss the shadow.
The shadow is almost destroyed.
The shadow misses you.
The deep elf archer casts a spell.
The deep elf archer blinks!
You puncture the shadow!
You destroy the shadow!
Cheibriados appreciates the change of pace.
You block the deep elf archer's attack.
The deep elf archer hits you with a staff of earth!
Things that are here:
a +1 shortbow of flaming; a centaur corpse You hit the deep elf archer.
The deep elf archer is poisoned.
The deep elf archer is lightly wounded.
The deep elf archer gestures wildly while chanting.
The deep elf archer blinks!
The deep elf archer wields a +0 shortbow.
The deep elf archer shoots an arrow.
The arrow hits you!
You are too injured to fight recklessly!
You are too injured to fight recklessly!
You are too injured to fight recklessly!
A deep elf archer is nearby!
You are too injured to fight recklessly!
You are too injured to fight recklessly!
The deep elf archer shoots an arrow.
The arrow hits you!
The deep elf archer shoots an arrow.
You block the arrow.
The deep elf archer shoots an arrow.
The arrow hits you!
* * * LOW HITPOINT WARNING * * *
The deep elf archer shoots an arrow.
The arrow hits you!!
You die...

.# #..## ##
#..## .###
#..###...#
#.#)..##.#
#.†###@.e#
#..###...###
#..###....##
..###......#
###......###
#.......##
##......##
#........#
##........#


You could see a deep elf archer (repels missiles, very poisoned).

Vanquished Creatures
  Josephine (D:10)
  2 two-headed ogres (D:9)
  A manticore (D:10)
  Joseph (D:7)
  A troll (D:10)
  Prince Ribbit (D:7)
  2 shadows (D:10)
  Sigmund (D:2)
  5 wraiths (D:10)
  2 wyverns
  A steam dragon (D:10)
  3 vampire mosquitoes (D:7)
  Edmund (D:6)
  An acid dragon (D:9)
  Duvessa (D:5)
  3 water moccasins (D:7)
  2 orc warriors
  2 sky beasts
  2 black bears
  3 ice beasts
  2 ogres
  4 centaurs
  A kobold brigand (D:6)
  A gnoll sergeant (D:7)
  A bullfrog (D:8)
  3 necrophages
  4 scorpions
  8 wights
  Dowan (D:5)
  A killer bee (D:10)
  3 howler monkeys
  5 hounds
  3 orc priests
  5 jellies
  Ijyb (D:4)
  7 iguanas
  4 orc wizards
  9 gnolls
  8 adders
  A shadow imp (D:7)
  4 white imps
  An ufetubus (D:5)
  6 worms
  3 dart slugs
  32 orcs
  4 bats
  5 endoplasms
  5 giant cockroaches
  6 goblins
  3 hobgoblins
  8 jackals
  2 quokkas
  7 ball pythons
  4 frilled lizards
  6 kobolds
  5 rats
209 creatures vanquished.

Notes
Turn   | Place    | Note
-------+----------+-------------------------------------------
     0 | D:1      | innerfire433 the Demonspawn Monk began the quest for the
                  | Orb.
     0 | D:1      | Reached XP level 1. HP: 18/18 MP: 1/1
   174 | D:1      | Gained mutation: Your movements are slightly less
                  | encumbered by armour. (ER -2) [demonic ancestry]
   174 | D:1      | Reached XP level 2. HP: 18/24 MP: 2/2
   926 | D:2      | Gained mutation: Your movements are less encumbered by
                  | armour. (ER -4) [demonic ancestry]
   926 | D:2      | Reached XP level 3. HP: 29/29 MP: 3/3
   952 | D:2      | Identified the +10 dagger "Buwuc" {venom, rC+}
  1010 | D:2      | Reached skill level 1 in Armour
  1191 | D:2      | Found a faded altar of an unknown god.
  1267 | D:2      | Noticed Sigmund
  1280 | D:2      | Killed Sigmund
  1281 | D:2      | Reached skill level 4 in Fighting
  1281 | D:2      | Reached XP level 4. HP: 21/37 MP: 4/4
  1281 | D:2      | Gained mutation: Spells you cast may paralyse adjacent
                  | enemies. [demonic ancestry]
  1281 | D:2      | Reached XP level 5. HP: 24/42 MP: 5/5
  1480 | D:2      | Identified the +0 helmet of Beogh's Regard {Rampage rElec
                  | Int+2 Dex+6}
  1909 | D:3      | Found a faded altar of an unknown god.
  1913 | D:3      | Found a shimmering blue altar of Sif Muna.
  2046 | D:3      | Found a sacrificial altar of Ru.
  2118 | D:3      | Reached XP level 6. HP: 48/48 MP: 6/6
  2230 | D:4      | Found a staircase to the Ecumenical Temple.
  2256 | Temple   | Entered the Ecumenical Temple
  2302 | Temple   | Became a worshipper of Cheibriados the Contemplative
  2302 | Temple   | Reached * piety under Cheibriados
  2302 | Temple   | Reached ** piety under Cheibriados
  2394 | D:4      | Reached XP level 7. HP: 39/55 MP: 7/7
  2413 | D:4      | Reached skill level 5 in Fighting
  2710 | D:4      | Noticed Ijyb
  2717 | D:4      | Killed Ijyb
  2751 | D:4      | Found a blossoming altar of Fedhas.
  2755 | D:4      | Found an ancient bone altar of Kikubaaqudgha.
  2925 | D:5      | Entered Level 5 of the Dungeon
  3031 | D:5      | Noticed innerfire433's ghost (novice DsMo)
  3055 | D:5      | Found a transporter.
  3059 | D:5      | Noticed Duvessa
  3059 | D:5      | Noticed Dowan
  3069 | D:5      | Killed Duvessa
  3073 | D:5      | Killed Dowan
  3074 | D:5      | Reached skill level 5 in Short Blades
  3077 | D:5      | Gained mutation: Your touch may inflict minor irresistible
                  | damage on your foes. [demonic ancestry]
  3077 | D:5      | Reached XP level 8. HP: 64/64 MP: 8/8
  3157 | D:5      | Reached skill level 6 in Fighting
  3157 | D:5      | Reached skill level 5 in Dodging
  3186 | D:5      | Found a shadowy altar of Dithmenos.
  3576 | D:5      | Reached skill level 7 in Fighting
  3600 | D:5      | Reached *** piety under Cheibriados
  3677 | D:5      | Found a transporter.
  4090 | D:6      | Reached skill level 5 in Armour
  4249 | D:6      | Reached XP level 9. HP: 74/74 MP: 9/9
  4303 | D:6      | Reached skill level 8 in Fighting
  4354 | D:6      | Noticed Edmund
  4361 | D:6      | Killed Edmund
  5214 | D:7      | Identified the +8 sling of Strategic Superiority {freeze,
                  | rElec}
  5227 | D:7      | Noticed Joseph
  5236 | D:7      | Killed Joseph
  5356 | D:7      | Noticed Prince Ribbit
  5361 | D:7      | Killed Prince Ribbit
  5362 | D:7      | Reached skill level 9 in Fighting
  5368 | D:7      | Reached skill level 1 in Ranged Weapons
  6024 | D:7      | Gained mutation: Your touch may inflict irresistible damage
                  | on your foes. [demonic ancestry]
  6024 | D:7      | Reached XP level 10. HP: 84/84 MP: 10/10
  6095 | D:7      | Found Iqyam's Serpentskin Sales.
  6703 | D:8      | Reached skill level 10 in Fighting
  6794 | D:8      | Reached **** piety under Cheibriados
  6928 | D:8      | Found an ornate altar of the Wu Jian Council.
  7482 | D:9      | Reached skill level 1 in Shields
  7676 | D:9      | Found a basalt altar of Yredelemnul.
  7688 | D:9      | Noticed a two-headed ogre
  7695 | D:9      | Killed a two-headed ogre
  7747 | D:9      | Found a stormy altar of Qazlal.
  7885 | D:9      | Noticed a two-headed ogre
  7892 | D:9      | Killed a two-headed ogre
  8002 | D:10     | Entered Level 10 of the Dungeon
  8065 | D:10     | Noticed Josephine
  8067 | D:10     | Noticed a manticore
  8073 | D:10     | Killed Josephine
  8074 | D:10     | Reached skill level 11 in Fighting
  8092 | D:10     | Reached XP level 11. HP: 45/93 MP: 11/11
  8348 | D:10     | Noticed a deep elf archer
  8359 | D:10     | Shot with an arrow by a deep elf archer

Illustrated notes

Levels and vault maps discovered:
D:1:      psy_arrival_radial02, layout_rooms
D:2:      layout_basic, ebering_ecumenical_altar_mist, grunt_decor_clamped,
          uniq_sigmund
D:3:      layout_basic, nicolae_overflow_ecumenical_swirl,
          mainiacjoe_overflow_large_starburst
D:4:      layout_rooms, grunt_temple_overflow_growth_and_decay,
          minmay_temple_entry_ruins, minmay_manual_monstrance, uniq_ijyb
D:5:      nicolae_cairo_tiling_large, layout_cave_pools,
          mainiacjoe_overflow_concentric_impassable, gammafunk_ghost_hive,
          st_stairs_13, minmay_chambers_of_fives, uniq_duvessa
D:6:      layout_layer_cave, uniq_edmund
D:7:      layout_loops_ring, guppyfry_shop_venom, uniq_prince_ribbit1,
          uniq_joseph
D:8:      layout_loops_corners, pdpol_wu_jian_five_deadly_venoms
D:9:      layout_rooms, mainiacjoe_overflow_cross_hatched,
          nicolae_overflow_crystal_walls
D:10:     minmay_the_grid_four_pointed_star_mashed
          [minmay_the_grid_triangle_9x9_corrupted_corridor,
          minmay_the_grid_triangle_9x9_shrine,
          minmay_the_grid_triangle_9x9_impossible_snake,
          minmay_the_grid_triangle_9x9_flanged_cone,
          minmay_the_grid_prize_diamond_cup], layout_gridville,
          kennysheep_orc_monster_closet_entryway, kennysheep_generic_room_15,
          uniq_maggie, uniq_erolcha, uniq_josephine, uniq_lodul
Temple:   nicolae_temple_god_jail

Skill      XL: |  1  2  3  4  5  6  7  8  9 10 11 |
---------------+----------------------------------+-----
Short Blades   | 3 4 5 6 7 8 |  8.0
Dodging        | 3 4 6 7 8 |  8.0
Armour         | 2 3 5 6 7 |  7.3
Fighting       | 4 5 7 9 11 | 11.2
Ranged Weapons | 2 4 |  4.2
Shields        | 2 3 |  3.1
Stealth        | |  1.7

Action                   |  1- 3 |  4- 6 |  7- 9 | 10-12 || total
-------------------------+-------+-------+-------+-------++-------
Melee: Short sword       |    87 |       |       |       ||    87
       Dagger            |    25 |    88 |   191 |   138 ||   442
       Punch             |       |       |     6 |       ||     6
       Touch             |       |       |    20 |     3 ||    23
 Fire: Sling             |       |       |    64 |    44 ||   108
  Use: Potion            |       |     1 |       |     1 ||     2
       Scroll            |       |       |     2 |       ||     2
 Stab: Sleeping          |     4 |     2 |    12 |     2 ||    20
       Distracted        |       |     1 |     2 |       ||     3
Armor: Robe              |    13 |       |       |       ||    13
       Ring mail         |     6 |    22 |    46 |    41 ||   115
       Skin              |       |       |    19 |       ||    19
Dodge: Dodged            |    71 |    56 |   152 |    96 ||   375
Block: Kite shield       |       |       |       |    71 ||    71

Table legend: (Time is in decaauts)
 A = Elapsed time spent in this place.
 B = Non-inter-level travel time spent in this place.
 C = Inter-level travel time spent in this place.
 D = Time resting spent in this place.
 E = Time spent auto-exploring this place.
 F = Levels seen in this place.
 G = Mean time per level.
                   A        B        C        D        E       F      G
               +--------+--------+--------+--------+--------+-----+--------+
         Total |  11002 |  10261 |    741 |      0 |   8462 |  11 | 1000.2 |
       Dungeon |  10926 |  10185 |    741 |      0 |   8462 |  10 | 1092.6 |
        Temple |     75 |     75 |      0 |      0 |      0 |   1 |   75.0 |
               +--------+--------+--------+--------+--------+-----+--------+

Top non-repeatable levels by time:
     D:6: 1971 daAuts
     D:7: 1905 daAuts
     D:8: 1502 daAuts
     D:5: 1308 daAuts
     D:2: 839 daAuts
     D:9: 819 daAuts
     D:4: 789 daAuts
     D:1: 747 daAuts
     D:3: 614 daAuts
    D:10: 427 daAuts
  Temple: 75 daAuts
